 Dungeon Crawl Stone Soup version 0.20-a0-296-gf222164 (webtiles) character file.

26 mopl the Stinger (level 2, 0/15 HPs)
             Began as a Deep Elf Venom Mage on Dec 14, 2016.
             Slain by an ooze (4 damage)
             ... on level 2 of the Dungeon.
             The game lasted 00:02:13 (1401 turns).

mopl the Stinger (Deep Elf Venom Mage)              Turns: 1401, Time: 00:02:13

Health: 0/15       AC:  2    Str:  5    XL:     2   Next: 89%
Magic:  0/8        EV: 13    Int: 19    God:
Gold:   47         SH:  0    Dex: 18    Spells: 7/8 levels left

rFire  . . .     SeeInvis .     (no weapon)
rCold  . . .     Gourm    .     a - +0 robe
rNeg   . . .     Faith    .     (no shield)
rPois  .         Spirit   .     (no helmet)
rElec  .         Reflect  .     (no cloak)
rCorr  .         Harm     .     (no gloves)
MR     .....                    (no boots)
Stlth  ++........               (no amulet)
                                (no ring)
                                h - +3 ring of dexterity

@: no status effects
A: no striking features
a: no special abilities


You were on level 2 of the Dungeon.
You were not hungry.

You visited 1 branch of the dungeon, and saw 2 of its levels.

You collected 47 gold pieces.

Inventory:

Missiles
 j - 32 poisoned needles
 o - 2 tomahawks (quivered)
Armour
 a - a +0 robe (worn)
Jewellery
 h - a +3 ring of dexterity (left hand)
Scrolls
 d - a scroll of blinking {unknown}
 g - a scroll of identify {unknown}
 i - a scroll of amnesia {unknown}
 k - a scroll of remove curse {unknown}
 m - a scroll of magic mapping {unknown}
 n - a scroll of enchant weapon {unknown}
 p - a scroll of noise {unknown}
 q - a scroll of teleportation {unknown}
Potions
 e - a potion of lignification {unknown}
 l - a potion of heal wounds {unknown}
Books
 b - a Young Poisoner's Handbook

   Spells                             Type                      Level
   a - Sting                          Conjuration/Poison           1
   b - Mephitic Cloud                 Conjuration/Poison/Air       3
   c - Olgreb's Toxic Radiance        Poison                       4
   d - Alistair's Intoxication        Transmutation/Poison         5
   e - Venom Bolt                     Conjuration/Poison           5
Comestibles
 c - 4 bread rations
 f - 6 chunks of flesh
 r - a meat ration


   Skills:
 - Level 2.4 Dodging
 - Level 2.4 Stealth
 + Level 3.5 Spellcasting
 + Level 1.4 Conjurations
 * Level 4.8 Poison Magic


You had 7 spell levels left.
You knew the following spells:

 Your Spells              Type           Power        Failure   Level  Hunger
a - Sting                 Conj/Pois      ###.         4%          1    None


Dungeon Overview and Level Annotations

Branches:
Dungeon (2/15)

Altars:


Message History

The ooze is almost dead.
The ooze barely misses you.
Casting: Sting
Confirm with . or Enter, or press ? or * to list all spells.
Aiming: Sting
Press: ? - help, Shift-Dir - straight line, f/p - ooze
Aim: an ooze (almost dead)
The sting hits the ooze.
The ooze appears unharmed.
The ooze is almost dead.
The ooze barely misses you.
The ooze jiggles.
Casting: Sting
Confirm with . or Enter, or press ? or * to list all spells.
Aiming: Sting
Press: ? - help, Shift-Dir - straight line, f/p - ooze
Aim: an ooze (almost dead)
The sting hits the ooze.
The ooze is almost dead.
The ooze hits you.
You die...

### #.### #.#..
#######.#.###########
#......†#.#..........
#.#####.#.#.######### #.#
#.#.#.#......#
#.#####.#.#..<.....#
#...@J....###########
########.........#..........
..........................†.
>...........................
########.#######.#.#########
#######.#######.#.....# #..
#............(#.#####.# #.#
#.............#.# ##'###.#
#.............#.# #......#


You could see an ooze.

Vanquished Creatures
  A dart slug (D:1)
  A leopard gecko (D:1)
  A bat (D:2)
  A giant cockroach (D:2)
  4 goblins
  2 hobgoblins
  5 jackals (D:1)
  A kobold (D:1)
  A frilled lizard (D:2)
  3 rats (D:1)
20 creatures vanquished.

Notes
Turn   | Place    | Note
-------+----------+-------------------------------------------
     0 | D:1      | mopl the Deep Elf Venom Mage began the quest for the Orb.
     0 | D:1      | Reached XP level 1. HP: 10/10 MP: 6/6
   222 | D:1      | Reached XP level 2. HP: 15/15 MP: 0/8
   518 | D:1      | Reached skill level 1 in Conjurations
  1401 | D:2      | Slain by an ooze

Vault maps used:
D:1:      dpeg_arrival_arbitrary_c
D:2:      serial_bayou_crossing

Skill      XL: |  1  2 |
---------------+-------+-----
Conjurations   | 1 |  1.4
Dodging        | |  2.4
Stealth        | |  2.4
Spellcasting   | |  3.5
Poison Magic   | |  4.8

Action                   || total
-------------------------++-------
 Cast: Sting             ||    65
  Eat: Chunk             ||     1
Armor: Robe              ||     3
Dodge: Dodged            ||    29
